 Dungeon Crawl Stone Soup version 0.22.0-49-gab54619 (webtiles) character file.

440 Starchild the Destroyer (level 7, 0/32 HPs)
             Began as a Vine Stalker Conjurer on Sept 8, 2018.
             Was an Initiate of Vehumet.
             Splashed by a jelly's acid (5 damage)
             ... on level 5 of the Dungeon.
             The game lasted 00:17:38 (3482 turns).

Starchild the Destroyer (Vine Stalker Conjurer)     Turns: 3482, Time: 00:17:39

Health: 0/32       AC: -2    Str: 11    XL:     7   Next: 2%
Magic:  0/11       EV: 12    Int: 17    God:    Vehumet [......]
Gold:   173        SH:  0    Dex: 14    Spells: 4/10 levels left

rFire    + . .     SeeInvis .   (no weapon)
rCold    . . .     Gourm    .   (no shield)
rNeg     . . .     Faith    .   a - +0 robe
rPois    .         Spirit   +   (no helmet)
rElec    .         Reflect  .   (no cloak)
rCorr    .         Harm     .   (no gloves)
MR       .....                  (no boots)
Stlth    ++........             (no amulet)
HPRegen  0.50/turn              l - ring of protection from fire
MPRegen  0.12/turn              (no ring)

@: lethally poisoned (0 -> 0), corroded
A: fangs 2, regeneration 1, magic shield, antimagic bite, no potion heal 3, rot
immunity
a: Renounce Religion


You were on level 5 of the Dungeon.
You worshipped Vehumet.
Vehumet was noncommittal.
You were not hungry.

You visited 1 branch of the dungeon, and saw 5 of its levels.

You collected 173 gold pieces.

Inventory:

Missiles
 m - 103 stones (quivered)
Armour
 a - a +0 robe (worn)
Jewellery
 l - a ring of protection from fire (left hand)
Wands
 n - a wand of clouds (1)
Scrolls
 b - 4 scrolls of teleportation {unknown}
 d - 4 scrolls of remove curse {unknown}
 e - 2 scrolls of fear {unknown}
 g - a scroll of fog {unknown}
 h - 6 scrolls of identify {unknown}
 i - a scroll of enchant armour {unknown}
 k - 2 scrolls of blinking {unknown}
Potions
 f - 2 potions of agility {unknown}
 j - a potion of haste {unknown}
 o - 3 potions of curing {unknown}
 p - a potion of invisibility {unknown}
 q - a potion of ambrosia {unknown}
 r - a potion of flight {unknown}
 s - a potion of resistance {unknown}
 t - 2 potions of brilliance {unknown}
Comestibles
 c - 4 rations


   Skills:
 - Level 1.5 Dodging
 - Level 3.0 Stealth
 - Level 2.1 Spellcasting
 + Level 8.0 Conjurations


You had 4 spell levels left.
You knew the following spells:

 Your Spells              Type           Power        Failure   Level  Hunger
a - Magic Dart            Conj           ####         1%          1    #......
b - Searing Ray           Conj           ####..       1%          2    ###....
c - Dazzling Spray        Conj/Hex       ###...       11%         3    ###....

Your spell library contained the following spells:

 Spells                   Type           Power        Failure   Level  Hunger
 Iskenderun's Mystic Bla  Conj           ####....     7%          4    #####..
 Force Lance              Conj/Tloc      ###.....     36%         4    #####..
 Fulminant Prism          Conj/Hex       ###.......   36%         4    #####..


Dungeon Overview and Level Annotations

Branches:
Dungeon (5/15)
 Temple: D:4-7

Altars:
Vehumet


Innate Abilities, Weirdness & Mutations

You have extremely sharp teeth.
Your natural rate of healing is unusually fast.
When hurt, damage is shared between your health and your magic reserves.
Your bite disrupts and absorbs the magic of your enemies.
Potions cannot restore your health.
You are immune to rotting.


Message History

Confirm with . or Enter, or press ? or * to list all spells.
You don't have enough magic to cast that spell.
You feel sick.
The jelly jiggles.
You feel sick.
There is an open door here.
You hear the slow hiss of a very distant avalanche of sand.
You feel sick.
Press: ? - help, v - describe, . - travel
Here: a jelly The floor.
Okay, then.
Okay, then.
Press: ? - help, v - describe, . - travel The floor.
There is a stone staircase leading up here.
You feel sick. The jelly hits you.
* * * LOW HITPOINT WARNING * * *
You are splashed with acid!
The acid burns!
You die...

########## #...
....# ##.###....
##..##..#
.#####.#.#@..##
#.........J...#.#
#.#####.#........#
##.###.##### ###
#.# #.# ##'##
##...## ##.....##
###.


You could see a jelly.

Vanquished Creatures
  Menkaure (D:4)
  A scorpion (D:4)
  A howler monkey (D:4)
  A hound (D:4)
  A centaur skeleton (D:4)
  3 worker ants
  3 adders
  An ooze (D:4)
  An adder zombie (D:1)
  4 worms
  A dart slug (D:4)
  2 leopard geckos (D:3)
  5 orcs
  5 bats
  A bat zombie (D:1)
  3 giant cockroaches
  9 goblins
  4 hobgoblins
  A kobold (D:3)
  A quokka (D:4)
  A ball python (D:1)
  6 frilled lizards
  3 rats
59 creatures vanquished.

Notes
Turn   | Place    | Note
-------+----------+-------------------------------------------
     0 | D:1      | Starchild the Vine Stalker Conjurer began the quest for the
                  | Orb.
     0 | D:1      | Reached XP level 1. HP: 9/9 MP: 4/4
    85 | D:1      | Reached XP level 2. HP: 10/13 MP: 0/6
   306 | D:1      | Learned a level 2 spell: Searing Ray
   567 | D:1      | Reached XP level 3. HP: 16/16 MP: 0/7
   974 | D:2      | Reached skill level 5 in Conjurations
  1470 | D:3      | Gained mutation: Your natural rate of healing is unusually
                  | fast. [Vine Stalker growth]
  1470 | D:3      | Reached XP level 4. HP: 21/21 MP: 4/8
  2094 | D:3      | Learned a level 3 spell: Dazzling Spray
  2218 | D:4      | Reached skill level 6 in Conjurations
  2218 | D:4      | Reached XP level 5. HP: 24/24 MP: 2/9
  2384 | D:4      | Found a radiant altar of Vehumet.
  2407 | D:4      | Became a worshipper of Vehumet
  2761 | D:4      | Reached XP level 6. HP: 28/28 MP: 2/10
  2840 | D:4      | Noticed Menkaure
  2848 | D:4      | Killed Menkaure
  2848 | D:4      | Reached skill level 7 in Conjurations
  3428 | D:5      | Entered Level 5 of the Dungeon
  3456 | D:5      | Noticed an ice beast
  3470 | D:5      | Reached skill level 8 in Conjurations
  3470 | D:5      | Reached XP level 7. HP: 13/32 MP: 0/11
  3482 | D:5      | Splashed by a jelly's acid

Skill      XL: |  1  2  3  4  5  6 |
---------------+-------------------+-----
Conjurations   | 5 6 8 |  8.0
Stealth        | 3 |  3.0
Dodging        | |  1.5
Spellcasting   | |  2.1

Action                   |  1- 3 |  4- 6 |  7- 9 || total
-------------------------+-------+-------+-------++-------
Melee: Unarmed           |    21 |    25 |       ||    46
       Bite              |     3 |     5 |       ||     8
Throw: Stone             |     2 |       |       ||     2
 Cast: Magic Dart        |    70 |    59 |     1 ||   130
       Searing Ray       |     3 |    10 |       ||    13
  Eat: Ration            |     1 |     2 |       ||     3
       Chunk             |       |     2 |       ||     2
Armor: Robe              |     9 |     5 |       ||    14
Dodge: Dodged            |    21 |    35 |       ||    56
